AoeStats
← jphilkill

Arena

506837655Analyzed
4v4 RM · 18d ago on Sep 15, 2026· 37m 32s· 8 players
Game mode
Random Map
Map size
Large (8 player)
Population
200
Speed
Normal
Resources
Standard
Victory
Conquest
Starting age
Dark Age
Ending age
Imperial Age
RankedLock teamsTeams togetherTeam positionsShared explorationLock speedFull tech treeHidden civsTurbo modeCheats
Victory
Defeat
🇨🇳 Spanish · China
982
+16
🇨🇳 Burgundians · China
951
+17
🇨🇳 Teutons · China
871
+21
🇨🇳 Franks · China
870
+21
🇫🇷 Persians · France
1017
-20
🇨🇳 Bohemians · China
992
-19
🇧🇪 Goths · Belgium
953
-18
🇩🇪 Burgundians · Germany
952
-18
aramanis5760
11:10 Feudal Age
16:03 Castle Age
14:24 Double-Bit Axe
15:08 Horse Collar
17:49 Bow Saw
22:34 Loom
28:07 Squires
27:58 Pikeman
30:28 Forging
alexggg56
8:18 Loom
12:00 Feudal Age
16:09 Castle Age
14:36 Stone Mining
14:54 Double-Bit Axe
15:20 Fletching
18:38 Bow Saw
22:25 Horse Collar
22:40 Gold Mining
24:25 Heavy Plow
26:09 Wheelbarrow
25:20 Town Watch
28:42 Gold Shaft Mining
28:45 Stone Shaft Mining
28:37 Town Patrol
28:55 Hand Cart
32:16 Imperial Age
30:06 Masonry
29:52 Murder Holes
29:57 Bodkin Arrow
30:02 Padded Archer Armor
31:21 Ballistics
31:14 Scale Barding Armor
31:19 Forging
31:40 Kamandaran
31:59 Leather Archer Armor
33:32 Chemistry
33:05 Architecture
32:48 Thumb Ring
32:30 Crossbowman
33:45 Conscription
34:38 Two-Man Saw
34:12 Crop Rotation
34:21 Citadels
34:50 Ring Archer Armor
36:08 Chain Barding Armor
36:24 Iron Casting
36:02 Bloodlines
35:53 Husbandry
35:15 Light Cavalry
36:19 Elite War Elephant
37:38 Plate Barding Armor
37:07 Hussar
jphilkill
1:05 Loom
11:52 Feudal Age
18:04 Castle Age
16:33 Double-Bit Axe
16:31 Horse Collar
17:02 Gold Mining
17:52 Stone Mining
22:25 Wheelbarrow
27:37 Fletching
27:59 Forging
29:41 Pikeman
34:49 Heavy Plow
35:27 Gold Shaft Mining
35:30 Stone Shaft Mining
NORINCO
4:59 Loom
11:16 Feudal Age
16:04 Castle Age
14:31 Double-Bit Axe
14:54 Horse Collar
17:02 Heavy Plow
18:51 Bow Saw
23:57 Wheelbarrow
23:44 Fervor
26:48 Chemistry
26:08 Ballistics
26:12 Elite Skirmisher
26:52 Treadmill Crane
27:06 Fletching
30:16 Pikeman
31:04 Wagenburg Tactics
31:36 Squires
32:04 Man-at-Arms
34:15 Chemistry
33:53 Ballistics
33:30 Bodkin Arrow
33:45 Forging
33:35 Scale Mail Armor
36:29 Imperial Age
34:17 Hand Cart
33:47 Town Watch
33:42 Long Swordsman
36:53 Two-Handed Swordsman
37:55 Fortified Wall
等等
11:25 Feudal Age
11:44 Loom
12:51 Double-Bit Axe
15:58 Fletching
19:03 Castle Age
17:58 Stone Mining
19:49 Bodkin Arrow
20:02 Gold Mining
27:41 Wheelbarrow
38:12 Ballistics
怀草诗
3:01 Double-Bit Axe
8:18 Horse Collar
12:23 Feudal Age
14:04 Bow Saw
16:11 Castle Age
14:44 Heavy Plow
17:41 Wheelbarrow
17:38 Light Cavalry
18:19 Husbandry
23:46 Hand Cart
23:17 Loom
23:31 Gold Mining
24:57 Gold Shaft Mining
25:11 Squires
28:19 Imperial Age
26:49 Scale Mail Armor
27:00 Forging
28:28 Chain Mail Armor
29:14 Iron Casting
29:24 Scale Barding Armor
29:52 Plate Mail Armor
29:29 Capped Ram
32:02 Blast Furnace
32:39 Arson
我不是
10:56 Feudal Age
15:07 Castle Age
13:11 Double-Bit Axe
16:09 Bow Saw
20:58 Wheelbarrow
24:05 Husbandry
24:45 Gold Mining
26:19 Gold Shaft Mining
26:11 Scale Barding Armor
26:19 Forging
31:35 Imperial Age
29:32 Hand Cart
30:27 Stone Mining
31:09 Chain Barding Armor
31:25 Iron Casting
32:07 Loom
31:45 Cavalier
33:40 Chemistry
33:02 Ballistics
33:14 Paladin
35:33 Plate Barding Armor
35:59 Blast Furnace
X-Lucifer
10:49 Feudal Age
16:50 Castle Age
14:52 Double-Bit Axe
16:25 Loom
20:43 Horse Collar
26:29 Heavy Plow
26:41 Bow Saw
34:03 Wheelbarrow
37:54 Gold Mining
Connection lost

Rejoining the realm…

Still unreachable

The connection could not be restored.

Session expired

The server has moved on; the page needs a fresh start.